 Dungeon Sprint DCSS version 0.27.1-34-g3ba077fa99 (webtiles) character file.

Game seed: 15800035866726131899

687 boopmooplesden the Blocker (level 7, -2/74 HPs)
             Began as a Minotaur Fighter on Jan 17, 2022.
             Slain by a neqoxec (8 damage)
             ... in the Dungeon (Sprint II: "The Violet Keep of Menkaure").
             The game lasted 00:00:39 (267 turns).

boopmooplesden the Blocker (Minotaur Fighter)        Turns: 267, Time: 00:00:39

Health: -2/74      AC:  8    Str: 22    XL:     7   Next: 35%
Magic:  6/6        EV:  9    Int: -1 (3) God:
Gold:   486        SH: 12    Dex: 10    Spells: 6/6 levels left

rFire    . . .     SeeInvis .   a - +0 long sword
rCold    . . .     Faith    .   c - +0 kite shield
rNeg     . . .     Spirit   .   b - +0 scale mail
rPois    .         Reflect  .   (helmet restricted)
rElec    .         Harm     .   (no cloak)
rCorr    .         Rampage  .   (no gloves)
Will     .....     NoTele   +   (no boots)
Stlth    ..........             (no amulet)
HPRegen  0.22/turn              (no ring)
MPRegen  0.10/turn              (no ring)

@: slowed, lost intelligence, very slow
A: horns 2, retaliatory headbutt, dopey 1
a: no special abilities


You were in the Dungeon.
You visited 1 branch You collected 486 gold pieces.

Inventory:

Hand Weapons
 a - a +0 long sword (weapon)
Armour
 b - a +0 scale mail (worn)
 c - a +0 kite shield (worn)
Scrolls
 j - a scroll of blinking
Potions
 e - a potion of curing
 f - a potion of heal wounds
 g - a potion of haste
 h - 2 potions of magic
 i - a potion of berserk rage


   Skills:
 + Level 11.0 Fighting
 + Level 6.8 Long Blades
 + Level 10.8 Armour
 + Level 1.7 Dodging
 + Level 11.0 Shields


You had 6 spell levels left.
You didn't know any spells.
Your spell library was empty.

Dungeon Overview and Level Annotations

Branches:
Dungeon (1/1)

Altars:


Innate Abilities, Weirdness & Mutations

You have a pair of horns on your head.
You reflexively headbutt those who attack you in melee.
You are dopey. (Int -2)


Message History

You block the neqoxec's attack.
You slash the neqoxec!
You kill the neqoxec!
You feel your intelligence returning.
Your Fighting skill increases to level 11!
Your Shields skill increases to level 11!
You hit the neqoxec.
The neqoxec is lightly wounded.
The neqoxec gestures at you.
Strange energies course through your body.
You feel stupid.
You closely miss the neqoxec. The neqoxec gestures at you.
You feel dopey.
You have lost your intelligence.
Something feeds on your intellect! The neqoxec hits you!
A neqoxec comes into view.
The neqoxec shouts!
The neqoxec gestures at you.
Something tries to feed on your intellect!
The neqoxec hits you! The neqoxec hits you!
You can move again.
You hit the neqoxec. Your headbutt misses the neqoxec.
The neqoxec is lightly wounded.
The neqoxec hits you!
* * * LOW HITPOINT WARNING * * *
The neqoxec hits you!
* * * LOW HITPOINT WARNING * * *
You slash the neqoxec!
The neqoxec is moderately wounded.
The neqoxec gestures at you.
Something tries to feed on your intellect!
The neqoxec hits you!
* * * LOW HITPOINT WARNING * * *
You hit the neqoxec.
The neqoxec is heavily wounded.
The neqoxec closely misses you. You furiously retaliate!
You headbutt the neqoxec. The neqoxec hits you!
You die... ## ## ##$ .## .. .. ### B#B

###
##.###+###.#
#...##.##..##
+.##÷.<.†##.+
#...##@##..##
##.###3###.#
####3## ###
#3# ##


You could see 3 neqoxecs.

Vanquished Creatures
  A neqoxec (D)
  4 necrophages (D)
  4 scorpions (D)
9 creatures vanquished.

Vanquished Creatures (others)
  A water moccasin (D)
1 creature vanquished.

Grand Total: 10 creatures vanquished

Notes
Turn   | Place    | Note
-------+----------+-------------------------------------------
     0 | D        | boopmooplesden the Minotaur Fighter began the quest for the
                  | Orb.
     0 | D        | Reached XP level 1. HP: 19/19 MP: 0/0
     1 | D        | Noticed a necrophage
     1 | D        | Noticed a necrophage
     1 | D        | Noticed a necrophage
     1 | D        | Noticed a necrophage
     5 | D        | Killed a necrophage
     6 | D        | Reached XP level 2. HP: 31/31 MP: 1/1
     6 | D        | Reached XP level 3. HP: 38/38 MP: 2/2
     6 | D        | Reached XP level 4. HP: 45/45 MP: 3/3
     9 | D        | Killed a necrophage
    10 | D        | Reached XP level 5. HP: 46/53 MP: 4/4
    13 | D        | Killed a necrophage
    15 | D        | Killed a necrophage
    16 | D        | Reached skill level 5 in Long Blades
    16 | D        | Reached XP level 6. HP: 43/66 MP: 5/5
   123 | D        | Noticed a boulder beetle
   123 | D        | Noticed a boulder beetle
   135 | D        | Reached skill level 10 in Fighting
   141 | D        | Reached skill level 10 in Armour
   141 | D        | Reached skill level 1 in Dodging
   141 | D        | Reached skill level 10 in Shields
   159 | D        | Reached XP level 7. HP: 44/73 MP: 6/6
   246 | D        | Noticed a neqoxec
   247 | D        | Noticed a neqoxec
   250 | D        | Noticed a neqoxec
   259 | D        | Killed a neqoxec
   260 | D        | Gained mutation: You are dopey. (Int -2) [a neqoxec]
   261 | D        | Lost intelligence.
   262 | D        | Noticed a neqoxec
   267 | D        | Slain by a neqoxec

Illustrated notes

Levels and vault maps discovered:
D:        the_violet_keep_of_menkaure [sprint2_stairs_cluster_1,
          sprint2_shoproom, sprint2_temple, sprint2_basic_supplies,
          sprint2_obstacle_5, sprint2_obstacle_1, sprint2_obstacle_6,
          sprint2_obstacle_4, sprint2_obstacle_7, sprint2_timed_cluster_1,
          sprint2_smallroom_cluster_1, sprint2_smallroom_final_cluster_1,
          sprint2_transparent_cluster_1, sprint2_second_timed_cluster_1,
          sprint2_sniper_area_1, sprint2_heavy_combat_area_1,
          sprint2_mutation_trap_area_1, sprint2_forest_area_1,
          sprint2_light_combat_area_1, sprint2_behind_water_1,
          sprint2_near_end_vault_1]

Skill      XL: |  1  2  3  4  5  6  7 |
---------------+----------------------+-----
Fighting       | 6 8 9 10 11 | 11.0
Long Blades    | 3 4 5 6 |  6.8
Armour         | 6 8 9 10 | 10.8
Shields        | 6 7 9 10 11 | 11.0
Dodging        | 1 |  1.7

Action                   |  1- 3 |  4- 6 |  7- 9 || total
-------------------------+-------+-------+-------++-------
Melee: Long sword        |     3 |    40 |    16 ||    59
       Headbutt          |     3 |     3 |     3 ||     9
  Use: Potion            |     1 |       |       ||     1
Armor: Scale mail        |     3 |     7 |     2 ||    12
Dodge: Dodged            |       |     8 |     3 ||    11
Block: Kite shield       |       |    24 |     4 ||    28
       Rpst.: Long sword |       |     2 |       ||     2
